 Dungeon Crawl Stone Soup version 0.20-b1-2-gc5a9893 (webtiles) character file.

107 perrin18 the Shield-Bearer (level 4, -3/29 HPs)
             Began as a Gargoyle Fighter on May 23, 2017.
             Slain by an ogre
             ... wielding a +0 giant club
              (21 damage)
             ... on level 3 of the Dungeon.
             The game lasted 00:06:47 (1720 turns).

perrin18 the Shield-Bearer (Gargoyle Fighter)       Turns: 1720, Time: 00:06:48

Health: -3/29      AC: 10    Str: 20    XL:     4   Next: 85%
Magic:  4/4        EV:  7    Int:  9    God:
Gold:   136        SH:  9    Dex:  9    Spells: 3/3 levels left

rFire    + . .     SeeInvis .   a - +1 flail
rCold    . . .     Gourm    .   c - +0 shield
rNeg     + . .     Faith    .   b - +0 scale mail
rPois    ∞         Spirit   .   (no helmet)
rElec    +         Reflect  .   (no cloak)
rCorr    .         Harm     .   (no gloves)
MR       .....                  (no boots)
Stlth    ..........             (no amulet)
Regen    0.1/turn               q - ring of protection from fire
MPRegen  0.1/turn               (no ring)

@: no status effects
A: negative energy resistance 1, electricity resistance, unbreathing,
petrification resistance, rot immunity, AC +3
a: no special abilities


You were on level 3 of the Dungeon.
You were not hungry.

You visited 1 branch of the dungeon, and saw 3 of its levels.

You collected 136 gold pieces.

Inventory:

Hand Weapons
 a - a +1 flail (weapon)
Armour
 b - a +0 scale mail (worn)
 c - a +0 shield (worn)
Jewellery
 q - a ring of protection from fire (left hand)
Scrolls
 h - a scroll of fog
 k - a scroll of magic mapping
 o - a scroll of enchant armour {unknown}
 p - a scroll of teleportation
Potions
 d - a potion of might
 e - a potion of degeneration
 l - a potion of heal wounds {unknown}
 n - 2 potions of curing
 u - a potion of flight {unknown}
Comestibles
 f - 3 bread rations
 g - a royal jelly
 i - 7 chunks of flesh
 m - 3 meat rations
 v - 2 fruits


   Skills:
 + Level 3.7 Fighting
 + Level 3.2 Maces & Flails
 + Level 3.6 Armour
 + Level 0.4 Dodging
 + Level 0.2 Stealth
 + Level 4.4 Shields


You had 3 spell levels left.
You didn't know any spells.

Dungeon Overview and Level Annotations

Branches:
Dungeon (3/15)

Altars:
Makhleb
Okawaru
Ru
Zin

Shops:
D:3 *


Innate Abilities, Weirdness & Mutations

You are resistant to torment.
Your stone body is resilient. (AC +3)
You are immune to poison.
You resist negative energy. (rN+)
You are resistant to electric shocks. (rElec)
You can survive without breathing.
You are immune to petrification.
You are immune to rotting.


Message History

The ogre is moderately wounded.
You block the ogre's attack.
You hit the ogre.
The ogre is heavily wounded.
The ogre hits you with a giant club!
You sock the ogre!
The ogre is almost dead.
The ogre closely misses you.
Your shield and scale mail prevent you from hitting the ogre.
The ogre is almost dead.
The kobold shouts!
The ogre barely misses you.
You barely miss the ogre.
The ogre is almost dead.
You block the ogre's attack.
You hit the ogre.
The ogre is almost dead.
The ogre hits you with a giant club!!
Ouch! That really hurt!
You die...

.............##...#.....#.#
...?.......(..##..#.###.#.#
....$........###....# #.#<#
..(..........###..#####.###
.♣##.............>.......
##.....K.###############
#.......# #...........
#.....O.# ##'###..#....
######@####.........#..
#.###.........###.
#..........∩.._⌠#.
#####.........###.
............#..
.................
...................
.......######......
.......# #......


You could see an ogre and a kobold.

Vanquished Creatures
  5 adders
  3 worms
  A dart slug (D:2)
  A leopard gecko (D:2)
  A giant cockroach (D:1)
  12 hobgoblins
  2 jackals (D:3)
  4 kobolds
  2 quokkas (D:2)
  6 bats
  A frilled lizard (D:3)
  9 goblins
  5 rats
52 creatures vanquished.

Notes
Turn   | Place    | Note
-------+----------+-------------------------------------------
     0 | D:1      | perrin18 the Gargoyle Fighter began the quest for the Orb.
     0 | D:1      | Reached XP level 1. HP: 14/14 MP: 1/1
   263 | D:1      | Reached XP level 2. HP: 19/19 MP: 2/2
   676 | D:2      | Reached XP level 3. HP: 21/23 MP: 3/3
   755 | D:2      | Found a burning altar of Makhleb.
   887 | D:2      | Found a sacrificial altar of Ru.
   911 | D:2      | Reached skill level 4 in Shields
  1058 | D:2      | Reached XP level 4. HP: 24/28 MP: 4/4
  1146 | D:2      | Found an iron altar of Okawaru.
  1420 | D:3      | Noticed an ogre
  1678 | D:3      | Found Zin's Purification Station.
  1680 | D:3      | Found a glowing silver altar of Zin.
  1720 | D:3      | Slain by an ogre

Skill      XL: |  1  2  3  4 |
---------------+-------------+-----
Shields        | 4 |  4.4
Maces & Flails | 3 |  3.2
Fighting       | |  3.7
Armour         | |  3.6
Dodging        | |  0.4
Stealth        | |  0.2

Action                   |  1- 3 |  4- 6 || total
-------------------------+-------+-------++-------
Melee: Flail             |    91 |    97 ||   188
  Use: Scroll            |       |    11 ||    11
  Eat: Chunk             |     1 |     2 ||     3
Armor: Scale mail        |    64 |    64 ||   128
Dodge: Dodged            |    29 |    31 ||    60
Block: Shield            |    55 |    61 ||   116
